 Dungeon Crawl Stone Soup version 0.32-a0-876-gcfddb08e57 (webtiles) character file.

Game seed: 16548157754523682027

255554 TacoSundae the End of an Era (level 19, -2/154 HPs)
             Began as a Demonspawn Gladiator on Oct 23, 2022.
             Was the Champion of Qazlal.
             Slain by a peacekeeper (3 damage)
             ... on level 1 of the Vaults on Apr 1, 2024.
             The game lasted 03:30:23 (32963 turns).

TacoSundae the End of an Era (DsGl)                Turns: 32963, Time: 03:30:23

Health: -2/154     AC: 30    Str: 19    XL:     19   Next: 5%
Magic:  32/32      EV: 13    Int: 11    God:    Qazlal [******]
Gold:   2201       SH:  8    Dex: 20    Spells: 18/18 levels left

rFire   + + .        b - +4 battleaxe (vamp)
rCold   + . .        (shield currently unavailable)
rNeg    . . .        l - +4 storm dragon scales {Bai Suzhen}
rPois   +            c - +0 helmet
rElec   +            R - scarf {rC+ rF+}
rCorr   +            O - +0 pair of gloves of Untughywke {Slay+3}
SInv    .            (boots unavailable)
Will    ++++.        o - amulet of regeneration Stlth
                     s - +4 ring of protection
HPRegen 1.25/turn    S - ring "Lerphyshru" {Fire rElec Will++ rCorr Dex+3}
MPRegen 0.23/turn

%: repel missiles
@: protected from physical damage
A: hooves 3, slimy green scales 3, demonic guardian 2, powered by death 3, cold
resistance 1, deformed body, strong-willed 1
}: 2/15 runes: barnacled, gossamer
a: Renounce Religion, Upheaval, Elemental Force, Disaster Area


You were on level 1 of the Vaults.
You worshipped Qazlal.
Qazlal was exalted by your worship.
You visited 7 branches of the dungeon, and saw 31 of its levels.
You visited 1 bazaar.
You also visited: Sewer, Gauntlet and Ice Cave.

You collected 2739 gold pieces.
You spent 538 gold pieces at shops.

Inventory:

Hand Weapons
 a - a +1 battleaxe
 b - a +4 vampiric battleaxe (weapon)
Missiles
 d - 6 throwing nets (quivered)
 J - a javelin
 N - 6 silver javelins
Armour
 c - a +0 helmet (worn)
 l - +4 storm dragon scales (worn) {Bai Suzhen}
 I - a +2 pair of gloves of infusion
 O - the +0 pair of gloves of Untughywke (worn) {Slay+3}
   (You found it on level 2 of the Shoals)

   Slay+3:    It affects your accuracy & damage with ranged weapons and melee
   (+3).
 R - a scarf of resistance (worn)
Jewellery
 h - the amulet of Hiomir {Acrobat Int+4 Dex+4}
   (You found it on level 9 of the Dungeon)

   [amulet of the acrobat]

   Acrobat:   It increases your evasion while moving and waiting.
   Int+4:     It affects your intelligence (+4).
   Dex+4:     It affects your dexterity (+4).
 o - an amulet of regeneration (around neck)
 s - a +4 ring of protection (left hand)
 S - the ring "Lerphyshru" (right hand) {Fire rElec Will++ rCorr Dex+3}
   (You found it on level 11 of the Dungeon)

   [ring of fire]

   Fire:      It enhances your fire magic.
   Dex+3:     It affects your dexterity (+3).
   rF+:       It protects you from fire.
   rC-:       It makes you vulnerable to cold.
   rElec:     It insulates you from electricity.
   Will++:    It greatly increases your willpower.
   rCorr:     It protects you from acid and corrosion.
 U - a ring of ice
 V - a ring of ice
Wands
 j - a wand of polymorph (8)
 m - a wand of mindburst (14)
 t - a wand of quicksilver (15)
 B - a wand of iceblast (19)
 K - a wand of paralysis (17)
Scrolls
 e - a scroll of blinking
 g - 12 scrolls of teleportation
 p - 3 scrolls of fear
 r - 4 scrolls of poison
 x - 3 scrolls of fog
 y - 2 scrolls of summoning
 D - a scroll of silence
 L - 3 scrolls of enchant armour
 M - 13 scrolls of identify
 P - 4 scrolls of revelation
 W - a scroll of enchant weapon
 Y - a scroll of brand weapon
Potions
 f - 2 potions of enlightenment
 i - 5 potions of heal wounds
 k - 4 potions of magic
 n - 3 potions of resistance
 q - 10 potions of brilliance
 u - 7 potions of attraction
 v - 5 potions of ambrosia
 w - 13 potions of curing
 z - 2 potions of haste
 A - 6 potions of cancellation
 C - 3 potions of invisibility
 E - 6 potions of might
 H - 5 potions of mutation
 X - a potion of berserk rage
Miscellaneous
 G - a phantom mirror
 Q - a phial of floods


   Skills:
 + Level 14.9 Fighting
 + Level 17.4 Axes
 - Level 1.7 Throwing
 + Level 16.0 Armour
 - Level 10.9 Dodging
 - Level 7.2 Shields
 + Level 19.4 Invocations


You had 18 spell levels left.
You didn't know any spells.
Your spell library contained the following spells:

 Spells                   Type           Power      Damage    Failure   Level
 Freeze                   Ice            0%         1d3       88%         1
 Magic Dart               Conj           0%         1d3       88%         1
 Slow                     Hex            0%         N/A       88%         1
 Sting                    Conj/Alch      0%         1d3       88%         1
 Summon Small Mammal      Summ           0%         N/A       88%         1
 Blink                    Tloc           0%         N/A       96%         2
 Jinxbite                 Hex            0%         N/A       96%         2
 Lesser Beckoning         Tloc           0%         N/A       96%         2
 Mercury Vapours          Alch/Air       0%         N/A       96%         2
 Momentum Strike          Conj/Tloc      0%         3d8       96%         2
 Scorch                   Fire           0%         2d5       96%         2
 Searing Ray              Conj           0%         2d4       96%         2
 Call Canine Familiar     Summ           0%         N/A       99%         3
 Confusing Touch          Hex            0%         N/A       99%         3
 Dazzling Flash           Conj/Hex       0%         N/A       99%         3
 Frozen Ramparts          Ice            0%         1d1       99%         3
 Hailstorm                Conj/Ice       0%         3d5       99%         3
 Inner Flame              Hex/Fire       0%         N/A       99%         3
 Mephitic Cloud           Conj/Alch/Air  0%         N/A       99%         3
 Ozocubu's Armour         Ice            0%         N/A       99%         3
 Summon Ice Beast         Ice/Summ       0%         N/A       99%         3
 Vampiric Draining        Necr           0%         2d6       99%         3
 Volatile Blastmotes      Fire/Tloc      0%         2d10      99%         3
 Anguish                  Hex/Necr       0%         N/A       100%        4
 Brom's Barrelling Bould  Conj/Erth      0%         2d3       100%        4
 Cause Fear               Hex            0%         N/A       100%        4
 Dimensional Bullseye     Hex/Tloc       0%         N/A       100%        4
 Flame Wave               Conj/Fire      0%         2d4       100%        4
 Fulminant Prism          Conj/Alch      0%         3d5       100%        4
 Ignite Poison            Fire/Alch      0%         N/A       100%        4
 Iskenderun's Mystic Bla Conj/Tloc 0%             2d3        (+2d1     100%        4
 Olgreb's Toxic Radiance  Alch           0%         N/A       100%        4
 Summon Blazeheart Golem  Fire/Summ      0%         N/A       100%        4
 Alistair's Intoxication  Alch           0%         N/A       100%        5
 Borgnjor's Vile Clutch   Necr/Erth      0%         N/A       100%        5
 Curse of Agony           Necr           0%         N/A       100%        5
 Fireball                 Conj/Fire      0%         3d3       100%        5
 Iskenderun's Battlesphe  Conj           0%         2d6       100%        5
 Metabolic Englaciation   Hex/Ice        0%         N/A       100%        5
 Silence                  Hex/Air        0%         N/A       100%        5
 Summon Mana Viper        Hex/Summ       0%         N/A       100%        5
 Yara's Violent Unravell  Hex/Alch       0%         3d3       100%        5
 Conjure Ball Lightning   Conj/Air       0%         3x3d6     100%        6
 Death Channel            Necr           0%         N/A       100%        6
 Eringya's Noxious Bog    Alch           0%         4d6       100%        6
 Gell's Gavotte           Tloc           0%         2d(11-16) 100%        6
 Permafrost Eruption      Ice/Erth       0%         2x4d1     100%        6
 Sculpt Simulacrum        Ice/Alch       0%         N/A       100%        6
 Summon Cactus Giant      Summ           0%         N/A       100%        6
 Enfeeble                 Hex            0%         N/A       100%        7
 Haunt                    Necr/Summ      0%         N/A       100%        7
 Malign Gateway           Summ/Tloc      0%         N/A       100%        7
 Orb of Destruction       Conj           0%         9d5       100%        7
 Ozocubu's Refrigeration  Ice            0%         4d7       100%        7
 Borgnjor's Revivificati  Necr           0%         N/A       100%        8
 Discord                  Hex            0%         N/A       100%        8
 Summon Horrible Things   Summ           0%         N/A       100%        8
 Death's Door             Necr           0%         N/A       100%        9
 Polar Vortex             Ice            0%         N/A       100%        9


Dungeon Overview and Level Annotations

Branches:
Dungeon (14/15)            Temple (1/1) D:4            Lair (5/5) D:8
 Shoals (4/4) Lair:3       Spider (4/4) Lair:3        Slime (0/5) Lair:5
    Orc (2/2) D:10            Elf (0/3) Orc:2        Vaults (1/5) D:14
  Sewer (visited)           IceCv (visited)         Gauntlet (visited)

Altars:
Ashenzari
Cheibriados
Dithmenos
Fedhas
Gozag
Hepliaklqana
Kikubaaqudgha
Makhleb
Nemelex Xobeh
Okawaru
Qazlal
Ru
Sif Muna
Trog
Uskayaw
Vehumet
Wu Jian
Xom
Yredelemnul
Beogh
Jiyva

Shops:
D:1 *   D:6 :   D:9 *[=(   D:10 *   Orc:2 [?(!

Portals:
Trove: D:13 (give 4 potions of resistance)

Annotations:
D:4 3 runed translucent doors, chamandro's ghost, amateur OpSh
Lair:5 exclusions: obsidian statue and oklob plant


Innate Abilities, Weirdness & Mutations

You have hooves in place of feet.
You are completely covered in slimy green scales. (AC +4, rPois)
A demonic guardian rushes to your aid.
You regenerate a lot of health from kills.
Your flesh is cold resistant. (rC+)
Armour fits poorly on your strangely shaped body.
You are strong-willed. (Will+)


Message History

The peacekeeper roars a battlecry!
The war gargoyle goes into a battle-frenzy!
The war gargoyle hits you with a +1 heavy flail!!!
You feel protected from physical attacks.
You hit the war gargoyle but do no damage.
You kick the war gargoyle, but do no damage.
You barely miss the war gargoyle.
You kick the war gargoyle, but do no damage.
The war gargoyle hits you with a +1 heavy flail!!!
You are too injured to fight recklessly!
You are too injured to fight recklessly!
Unknown command.
You slash the war gargoyle! You kick the war gargoyle.
The war gargoyle is heavily damaged.
A crystal guardian comes into view.
The war gargoyle hits you with a +1 heavy flail!!
* * * LOW HITPOINT WARNING * * *
You feel more protected from physical attacks.
Unknown command.
You slash the war gargoyle! You kick the war gargoyle!
The war gargoyle is almost destroyed.
You hit the peacekeeper. You block the peacekeeper's attack.
The peacekeeper claws you but does no damage.
Unknown command.
You hit the war gargoyle but do no damage.
You kick the war gargoyle, but do no damage.
The war gargoyle is almost destroyed.
You hit the peacekeeper.
The war gargoyle launches metal splinters at you.
The spray of metal splinters hits you but does no damage.
You feel more protected from physical attacks.
You block the peacekeeper's attack.
The peacekeeper claws you but does no damage.
You hit the war gargoyle.
The war gargoyle is almost destroyed.
You barely miss the peacekeeper.
The war gargoyle hits you with a +1 heavy flail!!
* * * LOW HITPOINT WARNING * * *
A demonic guardian appears!
The peacekeeper bites you.
You die...

.# #...###...# .# .####
#+### .# .... .# .....
.# ..... .# ......
.#################......
................9.§.....
..............3.@9......
..............☼§........
...............○.○°...9.
........................
........................
.#################..####
. ..# . |.#


You could see a crystal guardian (strong), a war gargoyle (strong, ally target),
a peacekeeper and a friendly sun demon (summoned).

Vanquished Creatures
  Bai Suzhen (Spider:4)
  Rupert (Orc:2)
  A kraken (Shoals:3)
  Kirke (Lair:4)
  Aizul (Lair:3)
  4 emperor scorpions
  A frost giant (Shoals:4)
  4 ghost moths
  An ironbound preserver (Vaults:1)
  A broodmother (Spider:2)
  3 reapers (IceCv)
  A formless jellyfish (Shoals:3)
  A deep elf demonologist (Shoals:1)
  Azrael (Spider:3)
  A dire elephant (Lair:5)
  A minotaur (Gauntlet)
  A spark wasp (Spider:4)
  Snorg (D:13)
  3 merfolk javelineers (Shoals:4)
  A green death (Spider:3)
  2 entropy weavers (Spider:2)
  8 merfolk impalers
  A great orb of eyes (D:13)
  The ghost of Bunar the Gouger, a journeyman FeSh of Ru (Shoals:3)
  A caustic shrike simulacrum (IceCv)
  2 jorogumos
  3 merfolk avatars
  7 centaur warriors
  Erica (D:8)
  10 boulder beetles
  2 death yaks (Lair:5)
  An ironbound frostheart (Vaults:1)
  12 two-headed ogres
  4 radroaches
  2 alligator snapping turtles
  7 merfolk aquamancers
  4 satyrs
  5 demonic crawlers
  4 orc high priests (Orc:2)
  A thrashing horror (Gauntlet)
  2 tengu warriors (D:14)
  3 deep elf knights (Shoals:1)
  6 skysharks
  A fire crab (Gauntlet)
  5 pharaoh ants
  A soul eater (Gauntlet)
  A spectral anaconda (Lair:5)
  A spectral death yak (Lair:5)
  13 sea snakes
  9 orb spiders
  An orange crystal statue (IceCv)
  3 deep elf archers (Shoals:1)
  Pikel (D:9)
  3 arcanists (D:14)
  11 harpies
  A spriggan simulacrum (IceCv)
  A bog body (IceCv)
  4 steelbarb worms
  4 sun moths
  5 orc knights
  5 necromancers
  An obsidian statue (IceCv)
  2 obsidian bats (Orc:2)
  5 orc sorcerers (Orc:2)
  3 deep elf pyromancers
  14 fauns
  22 manticores
  19 wolf spiders
  13 ugly things
  5 cyclopes
  4 moths of wrath
  Maurice (D:12)
  3 meliai (D:14)
  12 merfolk sirens
  A dire elephant zombie (Lair:5)
  15 elephants
  5 kobold blastminers
  4 water nymphs
  3 black mambas
  Joseph (D:8)
  A molten gargoyle (D:14)
  3 unseen horrors (D:11)
  Maggie (D:9)
  2 gargoyles
  22 cane toads
  A dire elephant skeleton (Lair:5)
  A yaktaur (Vaults:1)
  3 ice devils (IceCv)
  2 rime drakes
  Psyche (D:8)
  7 freezing wraiths
  10 komodo dragons
  4 anaconda simulacra (IceCv)
  A golden dragon simulacrum (IceCv)
  8 trolls
  38 merfolk
  5 wind drakes
  Grinder (D:3)
  2 polar bears
  14 tarantellas
  11 blink frogs
  An alligator simulacrum (IceCv)
  13 snapping turtles
  A hornet (Spider:4)
  A spectral elephant (Lair:5)
  23 dream sheep
  11 slime creatures
  18 jumping spiders
  20 culicivoras
  A shadow (D:11)
  4 small abominations (Gauntlet)
  A spriggan (Bazaar)
  4 wraiths (D:11)
  4 hogs
  56 yaks
  9 water elementals
  4 wyverns
  A human (Lair:5)
  2 dire elephant simulacra (IceCv)
  4 fire bats (Gauntlet)
  2 wargs
  52 redbacks
  4 fire elementals
  5 basilisks
  2 death yak simulacra (Lair:5)
  5 minotaur simulacra (IceCv)
  8 vampire mosquitoes
  4 hell hounds (Spider:3)
  A spectral cane toad (Lair:5)
  An acid dragon (D:11)
  24 water moccasins
  4 laughing skulls
  A sky beast (shapeshifter) (D:13)
  An ice beast (D:7)
  13 orc warriors
  A swamp drake (Lair:4)
  3 black bears
  2 elephant zombies (Lair:5)
  3 ogres
  7 centaurs
  14 wolves
  An elephant skeleton (Lair:5)
  A phantom (D:5)
  3 lemures (D:9)
  6 kobold brigands
  3 bullfrogs
  A gnoll sergeant (D:10)
  3 necrophages (D:4)
  2 deep troll simulacra (IceCv)
  5 cane toad simulacra (Lair:5)
  3 scorpions
  19 wights
  An elephant simulacrum (Lair:5)
  5 spriggan skeletons (D:11)
  6 killer bees
  A troll skeleton (D:11)
  2 vampire bats (Orc:2)
  9 electric eels
  15 howler monkeys
  2 quasits (Sewer)
  5 hounds
  2 lava snakes (D:14)
  18 orc priests
  7 jellies
  Jessica (D:2)
  3 iguanas
  Terence (D:2)
  32 orc wizards
  4 hell rats (Lair:4)
  A mummy (D:4)
  13 gnolls
  3 adders
  4 shadow imps
  3 ufetubi
  An adder zombie (Sewer)
  2 ribbon worms
  2 dart slugs (D:2)
  66 orcs
  5 ball pythons
  2 bat zombies (Sewer)
  10 endoplasms
  3 giant cockroaches
  7 goblins
  10 hobgoblins
  4 quokkas
  10 bats
  4 frilled lizards
  A hobgoblin zombie (D:4)
  46 kobolds
  3 orc zombies (D:4)
  5 rats
  A spectral weapon (Spider:4)
  4 tentacles (Shoals:3)
1166 creatures vanquished.

Vanquished Creatures (collateral kills)
  An emperor scorpion (Spider:4)
  An orc warlord (Orc:1)
  A deep elf death mage (Shoals:1)
  A spark wasp (Spider:4)
  2 dire elephants (Lair:5)
  A merfolk javelineer (Shoals:1)
  2 merfolk impalers
  A hydra (Lair:4)
  A centaur warrior (Shoals:2)
  A two-headed ogre (D:13)
  An alligator snapping turtle (Shoals:2)
  4 death yaks
  A satyr (Shoals:4)
  A thrashing horror (Gauntlet)
  A pharaoh ant (Spider:2)
  A deep elf archer (Shoals:1)
  A sun moth (Spider:4)
  A necromancer (Lair:5)
  A deep elf zephyrmancer (Shoals:1)
  A harpy (Shoals:2)
  2 steelbarb worms (Spider:2)
  An ugly thing (D:14)
  2 wolf spiders
  A cyclops (Shoals:4)
  A merfolk siren (Shoals:4)
  2 fauns (Shoals:4)
  A cane toad (Lair:1)
  A torpor snail (D:8)
  An unseen horror (D:11)
  2 komodo dragons
  4 merfolk
  2 wind drakes
  A tarantella (Spider:2)
  4 hornets (Spider:4)
  2 polar bears
  A snapping turtle (Shoals:4)
  2 dream sheep (Shoals:1)
  2 culicivoras
  2 jumping spiders
  11 yaks
  2 wyverns
  A water elemental (Shoals:1)
  A warg (D:8)
  4 redbacks
  A death yak simulacrum (Lair:5)
  A hell hound (Spider:3)
  An orc warrior (Orc:1)
  A deep troll simulacrum (IceCv)
  A howler monkey (D:8)
  An orc priest (Orc:2)
  A gnoll bouda (D:7)
  An adder (D:2)
  3 orcs
  An endoplasm (D:2)
  A goblin (D:2)
  A hobgoblin (D:5)
92 creatures vanquished.

Vanquished Creatures (others)
  A merfolk aquamancer (Shoals:1)
  A radroach (Spider:3)
  A faun (Shoals:3)
  2 orc wizards
  3 orcs (Orc:1)
  A kobold (D:5)
  4 tentacles (Shoals:3)
13 creatures vanquished.

Grand Total: 1271 creatures vanquished

Notes
Turn   | Place    | Note
-------+----------+-------------------------------------------
     0 | D:1      | TacoSundae the Demonspawn Gladiator began the quest for the
                  | Orb.
     0 | D:1      | Reached XP level 1. HP: 16/16 MP: 1/1
    91 | D:1      | Found Kocwapn's Assorted Antiques.
   224 | D:1      | Gained mutation: A weak demonic guardian rushes to your
                  | aid. [demonic ancestry]
   224 | D:1      | Reached XP level 2. HP: 16/22 MP: 2/2
   557 | D:2      | Gained mutation: You have large cloven feet. [demonic
                  | ancestry]
   557 | D:2      | Reached XP level 3. HP: 22/28 MP: 3/3
   651 | D:2      | Reached skill level 1 in Shields
   658 | D:2      | Found a basalt altar of Yredelemnul.
   777 | D:2      | Noticed Terence
   785 | D:2      | Killed Terence
   871 | D:2      | Reached XP level 4. HP: 26/34 MP: 4/4
  1013 | D:2      | Noticed Jessica
  1031 | D:2      | Killed Jessica
  1230 | D:3      | Noticed Grinder
  1242 | D:3      | Killed Grinder
  1243 | D:3      | Reached XP level 5. HP: 15/42 MP: 5/5
  1243 | D:3      | Gained mutation: You regenerate a little health from kills.
                  | [demonic ancestry]
  1243 | D:3      | Reached XP level 6. HP: 17/48 MP: 6/6
  1395 | D:3      | Reached skill level 5 in Axes
  1765 | D:3      | Got the Treatise on Venomous Hexes
  1855 | D:3      | You fall into a shaft and drop 2 floors!
  1855 | D:5      | Entered Level 5 of the Dungeon
  1883 | D:4      | Found a staircase to the Ecumenical Temple.
  1892 | Temple   | Entered the Ecumenical Temple
  1892 | Temple   | Found a transporter.
  1892 | Temple   | Found a transporter.
  1894 | Temple   | Found a transporter.
  1894 | Temple   | Found a transporter.
  1950 | Temple   | Became a worshipper of Qazlal Stormbringer
  2192 | D:4      | Found a shimmering blue altar of Sif Muna.
  2225 | D:4      | Upgraded the game from 0.30-a0-305-g026cb31310 to
                  | 0.32-a0-876-gcfddb08e57
  2243 | D:4      | Reached skill level 1 in Armour
  2243 | D:4      | Gained mutation: You have hoof-like feet. [demonic
                  | ancestry]
  2243 | D:4      | Reached XP level 7. HP: 48/54 MP: 7/7
  2265 | D:4      | Found a runed translucent gate.
  2265 | D:4      | Noticed chamandro's ghost (amateur OpSh)
  2271 | D:4      | Identified the +1 chain mail of Pan-Flutes {Int+2}
  2730 | D:4      | Found a runed translucent gate.
  2730 | D:4      | Identified the +6 chain mail "Utofu" {^Contam rElec rF++
                  | rN+}
  2741 | D:4      | Found an opulent altar of Gozag.
  2765 | D:4      | Found a runed translucent gate.
  2971 | D:4      | Found a roughly hewn altar of Beogh.
  3102 | D:5      | Reached * piety under Qazlal
  3314 | D:5      | Reached skill level 5 in Fighting
  3314 | D:5      | Reached XP level 8. HP: 62/62 MP: 8/8
  3800 | D:5      | Reached ** piety under Qazlal
  4265 | D:6      | Found a glowing drain.
  4278 | Sewer    | Entered a sewer
  4391 | Sewer    | Found a burning altar of Makhleb.
  4429 | Sewer    | Identified the +1 falchion of Defiance {spect, Int+3
                  | Stlth+}
  4628 | D:6      | Identified the +2 robe of Tender Moments {rCorr Str+9
                  | Int-2}
  4631 | D:6      | Found Naitwum's Self-Published Books.
  4935 | D:5      | Gained mutation: A demonic guardian rushes to your aid.
                  | [demonic ancestry]
  4935 | D:5      | Reached XP level 9. HP: 19/69 MP: 9/9
  5085 | D:6      | Reached *** piety under Qazlal
  5106 | D:6      | Gained mutation: Your spells are a little easier to cast,
                  | but a little less powerful. [potion of mutation]
  5106 | D:6      | Lost mutation: Your spells are a little easier to cast, but
                  | a little less powerful. [potion of mutation]
  5106 | D:6      | Gained mutation: You have hidden genetic potential. [potion
                  | of mutation]
  5830 | D:7      | Reached skill level 1 in Invocations
  5931 | D:7      | Reached skill level 2 in Invocations
  6066 | D:7      | Reached skill level 5 in Armour
  6142 | D:7      | Found a hazy altar of Hepliaklqana.
  6213 | D:7      | Reached skill level 3 in Invocations
  6688 | D:8      | Noticed a two-headed ogre
  6776 | D:8      | Killed a two-headed ogre
  6777 | D:8      | Reached skill level 4 in Invocations
  6777 | D:8      | Reached XP level 10. HP: 62/79 MP: 11/13
  6813 | D:8      | Found a staircase to the Lair.
  6833 | D:8      | Gained mutation: You are strong-willed. (Will+) [hidden
                  | potential]
  6838 | D:8      | Reached skill level 5 in Invocations
  6861 | D:8      | Reached **** piety under Qazlal
  7083 | D:8      | Reached skill level 6 in Invocations
  7214 | D:8      | Noticed Joseph
  7224 | D:8      | Noticed Erica
  7265 | D:8      | Killed Erica
  7284 | D:8      | Noticed a lindwurm
  7313 | D:8      | Noticed a lindwurm
  7313 | D:8      | Noticed a lindwurm
  7328 | D:8      | Noticed a lindwurm
  7372 | D:8      | Noticed Psyche
  7382 | D:8      | Killed Psyche
  7441 | D:8      | Reached skill level 5 in Dodging
  7499 | D:8      | Identified the +0 ring mail of Vatof {Str+6}
  7557 | D:8      | Found an ornate altar of the Wu Jian Council.
  7657 | D:9      | Noticed Maggie
  7701 | Lair:1   | Entered Level 1 of the Lair of Beasts
  7711 | Lair:1   | Noticed a cane toad
  7712 | Lair:1   | Noticed a cane toad
  7713 | Lair:1   | Noticed a torpor snail
  7715 | Lair:1   | Reached skill level 10 in Axes
  7726 | D:8      | Killed a cane toad
  7738 | Lair:1   | Noticed a death yak
  7959 | D:8      | Killed a torpor snail
  8059 | Lair:1   | Noticed a cane toad
  8068 | D:8      | Killed a cane toad
  8069 | D:8      | Gained mutation: You are partially covered in slimy green
                  | scales. (AC +2) [demonic ancestry]
  8069 | D:8      | Reached XP level 11. HP: 66/84 MP: 16/16
  8143 | Lair:1   | Killed a death yak
  8144 | Lair:1   | Reached skill level 7 in Invocations
  8154 | Lair:1   | Gained mutation: Your flesh is cold resistant. (rC+)
                  | [hidden potential]
  8154 | Lair:1   | Lost mutation: You have hidden genetic potential. [hidden
                  | potential expressed]
  8492 | Lair:1   | Reached skill level 8 in Invocations
  9398 | Lair:2   | Reached skill level 9 in Invocations
  9482 | Lair:2   | Reached XP level 12. HP: 65/94 MP: 18/18
  9515 | Lair:2   | Noticed a boulder beetle
  9531 | Lair:2   | Reached ***** piety under Qazlal
  9571 | Lair:2   | Killed a boulder beetle
  9656 | Lair:2   | Noticed a death yak
  9656 | Lair:2   | Noticed a death yak
  9657 | Lair:2   | Noticed a death yak
  9693 | Lair:2   | Killed a death yak
  9695 | Lair:2   | Killed a death yak
  9696 | Lair:2   | Killed a death yak
  9756 | Lair:2   | Reached skill level 10 in Invocations
 10316 | Lair:3   | Found a staircase to the Shoals.
 10332 | Lair:3   | Reached skill level 5 in Shields
 10493 | Lair:3   | Reached skill level 11 in Invocations
 10498 | Lair:3   | Gained mutation: You are mostly covered in slimy green
                  | scales. (AC +3) [demonic ancestry]
 10498 | Lair:3   | Reached XP level 13. HP: 99/99 MP: 21/21
 10691 | Lair:3   | Found a hole to the Spider Nest.
 10871 | Lair:3   | HP: 4/99 [skyshark (7)]
 12114 | Lair:4   | Reached skill level 12 in Invocations
 12143 | Lair:4   | Found a gate leading to a gauntlet.
 12157 | Gauntlet | Entered a Gauntlet
 12157 | Gauntlet | Found a transporter.
 12157 | Gauntlet | Found a transporter.
 12157 | Gauntlet | Found a transporter.
 12158 | Gauntlet | Found a transporter.
 12160 | Gauntlet | Found a transporter.
 12162 | Gauntlet | Found a transporter.
 12168 | Gauntlet | Found a transporter.
 12219 | Gauntlet | Found a transporter.
 12241 | Gauntlet | Found a transporter.
 12254 | Gauntlet | Found a transporter.
 12259 | Gauntlet | Found a transporter.
 12262 | Gauntlet | Found a transporter.
 12391 | Gauntlet | Reached skill level 10 in Armour
 12502 | Gauntlet | Got the Book of the Quickened Map
 12783 | Gauntlet | Noticed a minotaur
 12802 | Gauntlet | Killed a minotaur
 12810 | Gauntlet | Got the Discourse on Incandescent Malignant Rituals
 13540 | Lair:5   | Entered Level 5 of the Lair of Beasts
 13573 | Lair:5   | Noticed Kirke
 13696 | Lair:4   | Killed Kirke
 13830 | Lair:5   | Gained mutation: You have hooves in place of feet. [demonic
                  | ancestry]
 13830 | Lair:5   | Reached XP level 14. HP: 106/106 MP: 10/23
 13977 | Lair:5   | Reached ****** piety under Qazlal
 14105 | Lair:5   | Reached skill level 10 in Dodging
 14177 | Lair:5   | Found a staircase to the Slime Pits.
 14178 | Lair:5   | Found a viscous altar of Jiyva.
 16133 | D:9      | Noticed Pikel
 16155 | D:9      | Killed Pikel
 16171 | D:9      | Found Loucvaupt's Armour Shoppe.
 16323 | D:9      | Found Lityu's Antique Weapon Shop.
 16360 | D:9      | Killed Maggie
 16501 | D:9      | Found Vaib's Jewellery Emporium.
 16509 | D:9      | Bought an amulet of regeneration for 450 gold pieces
 16547 | D:9      | Found Teubomn's General Store.
 16733 | D:9      | Found a blossoming altar of Fedhas.
 16932 | D:9      | Identified the amulet of Hiomir {Acrobat Int+4 Dex+4}
 16997 | D:10     | Entered Level 10 of the Dungeon
 17363 | D:10     | Found Iphaotef's Assorted Antiques.
 17422 | D:10     | Found a staircase to the Orcish Mines.
 17947 | Orc:1    | Entered Level 1 of the Orcish Mines
 17982 | Orc:1    | Noticed an orc warlord
 18227 | Orc:1    | Killed an orc warlord
 18484 | Orc:2    | Entered Level 2 of the Orcish Mines
 18529 | Orc:2    | Found a flickering gateway to a bazaar.
 18554 | Bazaar   | Entered a bazaar
 18555 | Bazaar   | Found Cutis's Magic Scroll Boutique.
 18572 | Bazaar   | Found Yczibbeu's General Store.
 18573 | Bazaar   | Found Kuvuj's Book Shoppe.
 18577 | Bazaar   | Found Xash's Distillery.
 18586 | Bazaar   | Found Kown's Assorted Antiques.
 18839 | Orc:2    | Noticed Rupert
 18855 | Orc:2    | Killed Rupert
 18947 | Orc:2    | Gained mutation: You regenerate health from kills. [demonic
                  | ancestry]
 18947 | Orc:2    | Reached XP level 15. HP: 111/113 MP: 11/24
 19442 | Orc:2    | Found a staircase to the Elven Halls.
 19676 | Orc:2    | Found Boufuumu's Distillery.
 19684 | Orc:2    | Found Fugenoq's Armour Emporium.
 19685 | Orc:2    | Found Fuetilump's Weapon Boutique.
 19686 | Orc:2    | Found Menexof's Magic Scroll Emporium.
 19724 | Orc:2    | Bought a potion of might for 44 gold pieces
 19724 | Orc:2    | Bought a potion of might for 44 gold pieces
 19911 | D:11     | Reached skill level 13 in Invocations
 20351 | D:11     | Identified the ring "Lerphyshru" {Fire rElec Will++ rCorr
                  | Dex+3}
 21128 | Spider:1 | Entered Level 1 of the Spider Nest
 21246 | Spider:1 | Reached skill level 10 in Fighting
 21536 | Spider:1 | Reached skill level 14 in Invocations
 21995 | Spider:2 | Noticed an emperor scorpion
 22083 | Spider:2 | Got the Compilation of Cold Argyropoeia
 22270 | Spider:2 | Noticed an emperor scorpion
 22291 | Spider:2 | Killed an emperor scorpion
 22331 | Spider:2 | Reached XP level 16. HP: 119/124 MP: 0/26
 22792 | Spider:2 | Reached skill level 15 in Axes
 23413 | Spider:3 | Reached skill level 15 in Invocations
 23665 | Spider:3 | Noticed Azrael
 23679 | Spider:3 | Killed Azrael
 24566 | Spider:4 | Entered Level 4 of the Spider Nest
 25083 | Spider:4 | Reached skill level 16 in Invocations
 25282 | Spider:4 | Noticed Bai Suzhen
 25304 | Spider:4 | Killed Bai Suzhen
 26057 | Spider:4 | Reached XP level 17. HP: 65/133 MP: 10/29
 26116 | Spider:4 | Got a gossamer rune of Zot
 26408 | Shoals:1 | Entered Level 1 of the Shoals
 26411 | Shoals:1 | Identified the serpent talisman of the Spheres {rN+ Will+
                  | Str+3}
 26411 | Shoals:1 | Noticed Aizul
 26448 | Lair:3   | Killed Aizul
 26932 | Shoals:1 | Gained mutation: Armour fits poorly on your strangely
                  | shaped body. [a cacodemon]
 27055 | Shoals:1 | Reached skill level 17 in Invocations
 27855 | Shoals:2 | Identified the +0 pair of gloves of Untughywke {Slay+3}
 28038 | Shoals:2 | You fall into a shaft and drop 1 floor!
 28161 | Shoals:2 | Identified the +9 flail of War {protect, Str+7 Int-5}
 28694 | Shoals:3 | Found a runed translucent gate.
 28694 | Shoals:3 | Found a runed translucent gate.
 28694 | Shoals:3 | Found a runed translucent gate.
 28698 | Shoals:3 | Noticed Bunar's ghost (journeyman FeSh)
 28745 | Shoals:3 | Reached skill level 15 in Armour
 28806 | Shoals:3 | Paralysed by a formless jellyfish for 1 turns
 28816 | Shoals:3 | Killed Bunar's ghost
 28974 | Shoals:3 | Noticed a kraken
 28978 | Shoals:3 | Gained mutation: You regenerate a lot of health from kills.
                  | [demonic ancestry]
 28978 | Shoals:3 | Reached XP level 18. HP: 144/144 MP: 30/30
 29320 | Shoals:4 | Entered Level 4 of the Shoals
 29327 | Shoals:4 | Reached skill level 18 in Invocations
 29392 | Shoals:4 | Identified the amulet of Ephemeral Luck {^Fragile rC++
                  | Will- RegenMP+ Dex+9}
 29450 | Shoals:4 | Found a glacial archway.
 29461 | IceCv    | Entered an ice cave
 29935 | Shoals:4 | Found the +8 arc blade {discharge, rElec}
 30091 | Shoals:4 | Got a barnacled rune of Zot
 30151 | Shoals:4 | Identified the +12 spear of the Leaping Badger {venom,
                  | Int+4 Dex+2}
 30280 | Shoals:4 | Identified the +1 ring mail of the Valley of Death {rF+ rN+
                  | Regen+ Str-2}
 30582 | D:8      | Killed Joseph
 30987 | D:12     | Noticed Maurice
 30990 | D:12     | Maurice stole 6 silver javelins
 30992 | D:12     | Killed Maurice
 31523 | D:13     | Reached skill level 19 in Invocations
 31597 | D:13     | Noticed Snorg
 31614 | D:13     | Killed Snorg
 31924 | D:13     | Found a portal to a secret trove of treasure.
 32264 | D:14     | Found Urugi's Antique Armour Shop.
 32492 | D:14     | Gained mutation: You are completely covered in slimy green
                  | scales. (AC +4, rPois) [demonic ancestry]
 32492 | D:14     | Reached XP level 19. HP: 115/154 MP: 32/32
 32592 | D:14     | Found a gate to the Vaults.
 32837 | Vaults:1 | Entered Level 1 of the Vaults
 32963 | Vaults:1 | HP: 1/154 [war gargoyle/+1 heavy flail[a peacekeeper] (35)]
 32963 | Vaults:1 | Slain by a peacekeeper

Illustrated notes

Levels and vault maps discovered:
D:1:      dreamdust_arrival_beginning_and_end, layout_rooms, serial_shops, shop,
          nrook_mini_backslash
D:2:      layout_rooms, basic_altar, grunt_ministairs_6, st_stairs_5,
          reono_crystal_passage, minmay_split_cup_small, uniq_terence,
          uniq_jessica
D:3:      layout_loops_ring, chequers_decorated_corner, uniq_grinder
D:4:      layout_basic, nicolae_overflow_crystal_walls, grunt_gozag_statues,
          minmay_temple_entry_statues_pillars, biasface_ghost_orc_armoury,
          minmay_mini_ossuary
D:5:      kennysheep_kobold_camp, layout_basic, sigmund_army
D:6:      layout_basic, gup_sewer_entry_bubbles, chequers_ossuary_entry_cave,
          nicolae_custom_books
D:7:      layout_basic, general_overflow_altar, nicolae_figureground_pulse
D:8:      layout_gridville, mainiacjoe_overflow_surrounded_room,
          erik_lair_orcish_takeover, minmay_lindwurm_lava, uniq_psyche,
          uniq_joseph, uniq_erica
D:9:      layout_gridville, mainiacjoe_overflow_24_doors, serial_shops, shop,
          nicolae_shop_statue_plus, nicolae_shop_waterfront, kennysheep_mini,
          uniq_pikel, uniq_maggie
D:10:     layout_basic, orc_0_dummy, serial_shops,
          nicolae_shop_just_a_little_nook, grunt_ministairs_10, roadster_trireme
D:11:     nzn_winding_woodlands_medium [nzn_winding_woodlands_5x5_perimeter,
          nzn_winding_woodlands_5x15_garden, nzn_winding_woodlands_hourglass,
          nzn_winding_woodlands_5x5_default,
          nzn_winding_woodlands_center_garden,
          nzn_winding_woodlands_5x5_open_star,
          nzn_winding_woodlands_5x5_default, nzn_winding_woodlands_5x15_parted,
          nzn_winding_woodlands_5x5_closed_star], layout_loops_ring,
          hangedman_tell_no_tales
D:12:     layout_basic, uniq_maurice
D:13:     layout_rooms, nicolae_trove_entry_isolated, uniq_snorg
D:14:     kennysheep_tiny_hell, layout_irregular_city, david_vaults_1,
          serial_shops, nicolae_shop_tiny_glass, grunt_decor_junction
Temple:   hellmonk_temple_divided_pantheon
Lair:1:   layout_regular_city, grunt_megastairs_3
Lair:2:   layout_chaotic_city, serial_bayou_shore_b, lemuel_fruit_tree,
          grunt_megastairs_2
Lair:3:   layout_cave_pods, elwin_shoals_entry_stream,
          spider_nest_entry_web_field, beast_lair_carwin_9
Lair:4:   layout_misc_corridors, gauntlet_entry_generic, disabler_island,
          infiniplex_staircase_pool
Lair:5:   due_jungle_book, layout_loops_ring, nicolae_slime_entry_slimehenge,
          serial_bayou, serial_bayou_crossing, serial_bayou_lagoon_b,
          serial_bayou_pond_a, serial_bayou_ford_a, grunt_forest_stairs_basic,
          nicolae_lair_grove_arrangements, uniq_kirke
Shoals:1: nicolae_shoals_deep_elves_summer_vacation, layout_shoals, uniq_aizul
Shoals:2: layout_shoals
Shoals:3: layout_shoals, gammafunk_ghost_split, nicolae_shoals_aquamancer_cove
Shoals:4: shoals_end_grunt_ice, layout_shoals, portal_ice_cave_entry_pillars_2,
          nicolae_shoals_circle_sea_wall
Spider:1: layout_spider_delve, nicolae_spider_rock_and_or_roll
Spider:2: layout_spider_delve
Spider:3: layout_spider_delve, nicolae_spider_solar_radiation, uniq_azrael
Spider:4: spider_rune_water, uniq_bai_suzhen
Orc:1:    layout_caves, blackcustard_mines_bat_river
Orc:2:    st_orc_elflike, layout_caves, serial_shops, bzr_entry_customers,
          roderic_batcave, uniq_rupert
Vaults:1: nicolae_vaults_turnstiles, nicolae_vaults_library_corner, v_pattern_4,
          nicolae_vaults_alarming, ontoclasm_vaults_chip,
          vaults_room_grunt_arrival_ludios, layout_vaults_quadrants, uniq_zenata

Skill      XL: |  1  2  3  4  5  6  7  8  9 10 11 12 13 14 15 16 17 18 |
---------------+-------------------------------------------------------+-----
Axes           | 3 4 5 6 8 9 10 11 12 13 14 15 16 17 | 17.4
Shields        | 1 2 3 5 7 |  7.2
Fighting       | 3 4 5 6 7 8 9 10 12 13 14 | 14.9
Armour         | 1 2 4 5 7 8 9 10 12 13 14 15 16 | 16.0
Invocations    | 4 6 9 11 12 14 16 17 19 | 19.4
Dodging        | 3 5 6 8 9 10 | 10.9
Throwing       | |  1.7

Action                     |  1- 3 |  4- 6 |  7- 9 | 10-12 | 13-15 | 16-18 | 19-21 || total
---------------------------+-------+-------+-------+-------+-------+-------+-------++-------
  Melee: War axe           |    66 |    72 |   346 |   494 |   776 |       |       ||  1754
         Kick              |     4 |    14 |    94 |   202 |   652 |   602 |    24 ||  1592
         Punch             |     1 |       |       |       |       |       |       ||     1
         Battleaxe         |       |       |       |       |   664 |  1511 |    36 ||  2211
  Throw: Throwing net      |       |       |     2 |     1 |     1 |       |       ||     4
         Dart              |       |       |     1 |       |       |       |       ||     1
 Invoke: Elemental Force   |       |       |       |     2 |     8 |     1 |       ||    11
         Disaster Area     |       |       |       |       |     1 |       |       ||     1
  Evoke: Wand              |       |       |       |     3 |    11 |       |       ||    14
    Use: Scroll            |       |    11 |    10 |     6 |     6 |     8 |       ||    41
         Potion            |       |     1 |     3 |       |     6 |     7 |       ||    17
   Stab: Sleeping          |       |     1 |       |       |       |       |       ||     1
         Held in net/web   |       |       |     1 |       |     1 |       |       ||     2
         Distracted        |       |       |       |     1 |     2 |     6 |       ||     9
         Paralysed         |       |       |       |       |     1 |       |       ||     1
 Armour: Leather armour    |    24 |    15 |    22 |       |       |       |       ||    61
         Scale mail        |       |       |   287 |   346 |  1046 |   600 |       ||  2279
         Storm dragon scal |       |       |       |       |       |  1324 |    27 ||  1351
  Dodge: Dodged            |    44 |    44 |   192 |   212 |   758 |  1033 |     4 ||  2287
         Repelled          |       |       |       |     2 |    40 |   138 |     5 ||   185
  Block: Other             |       |       |    28 |    62 |   251 |   619 |    10 ||   970
         Kite shield       |       |       |       |   201 |   828 |       |       ||  1029

Table legend: (Time is in decaauts)
 A = Elapsed time spent in this place.
 B = Non-inter-level travel time spent in this place.
 C = Inter-level travel time spent in this place.
 D = Time resting spent in this place.
 E = Time spent auto-exploring this place.
 F = Levels seen in this place.
 G = Mean time per level.
                   A        B        C        D        E       F      G
               +--------+--------+--------+--------+--------+-----+--------+
         Total |  33372 |  31116 |   2256 |   1628 |  13370 |  35 |  953.5 |
       Dungeon |  13748 |  12728 |   1020 |    877 |   6522 |  14 |  982.0 |
        Temple |     75 |     75 |      0 |      0 |      0 |   1 |   75.0 |
          Lair |   7421 |   6950 |    471 |    476 |   2978 |   5 | 1484.2 |
        Shoals |   3920 |   3665 |    255 |     53 |   1030 |   4 |  980.0 |
   Spider Nest |   5222 |   4785 |    437 |     48 |   2450 |   4 | 1305.5 |
  Orcish Mines |   1516 |   1445 |     71 |      0 |    388 |   2 |  758.0 |
        Vaults |    122 |    122 |      0 |      0 |      0 |   1 |  122.0 |
        Bazaar |     78 |     78 |      0 |      0 |      0 |   1 |   78.0 |
         Sewer |    250 |    250 |      0 |      0 |      0 |   1 |  250.0 |
      Ice Cave |    358 |    358 |      0 |      0 |      0 |   1 |  358.0 |
      Gauntlet |    656 |    656 |      0 |    174 |      0 |   1 |  656.0 |
               +--------+--------+--------+--------+--------+-----+--------+

Top non-repeatable levels by time:
  Lair:5: 2241 daAuts
  Lair:3: 1831 daAuts
Spider:4: 1690 daAuts
Shoals:1: 1431 daAuts
Spider:2: 1362 daAuts
     D:8: 1343 daAuts
    D:10: 1325 daAuts
     D:5: 1310 daAuts
Spider:3: 1252 daAuts
  Lair:4: 1230 daAuts
    D:11: 1228 daAuts
     D:7: 1213 daAuts
     D:6: 1136 daAuts
  Lair:1: 1072 daAuts
     D:4: 1067 daAuts
